 Dungeon Crawl Stone Soup version 0.31-a0-851-g7ff8af7976 (webtiles) character file.

Game seed: 11541355582731385324

13076 BinkBink the Grappler (level 11, -11/109 HPs)
             Began as a Troll Shapeshifter on Oct 6, 2023.
             Was an Elder of Qazlal.
             Mangled by an ice devil (22 damage)
             ... in an ice cave.
             The game lasted 00:12:55 (9107 turns).

BinkBink the Grappler (Troll Shapeshifter)          Turns: 9107, Time: 00:12:56

Health: -11/109    AC:  4    Str: 34    XL:     11   Next: 70%
Magic:  10/10      EV: 11    Int:  6    God:    Qazlal [****..]
Gold:   401        SH:  5    Dex:  9    Spells: 10/10 levels left

rFire   . .          .
                       - Unarmed
rCold   . . .        (no shield)
rNeg    . . .        a - +0 animal skin
rPois   .            (helmet currently unavailable)
rElec   .            (cloak currently unavailable)
rCorr   .            (gloves unavailable)
SInv    .            (boots unavailable)
Will    .....        q - amulet of the acrobat
Stlth   +            j - +6 ring of strength
HPRegen 1.18/turn    (no ring)
MPRegen 0.12/turn

%: repel missiles, acrobat
@: beast-form
A: beast (slay +4), large, unfitting armour, claws 3, regeneration 1, shaggy fur
1, tough skin 1
a: Begin Untransformation, Renounce Religion, Upheaval, Elemental Force


You were in an ice cave.
You worshipped Qazlal.
Qazlal was greatly pleased with you.
You were a hulking beast.
You visited 3 branches of the dungeon, and saw 13 of its levels.
You also visited: Ossuary and Ice Cave.

You collected 457 gold pieces.
You spent 56 gold pieces at shops.

Inventory:

Missiles
 B - a throwing net
Armour
 a - a +0 animal skin (worn)
Jewellery
 j - a +6 ring of strength (left claw)
 q - an amulet of the acrobat (around neck)
 r - a ring of ice
 Q - a ring of positive energy
 R - an amulet of guardian spirit
Talismans
 c - a beast talisman (active)
 d - a flux talisman
 v - a blade talisman
 U - a serpent talisman
Wands
 z - a wand of iceblast (11)
 D - a wand of digging (13)
 O - a wand of flame (27)
 P - a wand of paralysis (5)
 S - a wand of quicksilver (12)
Scrolls
 e - 4 scrolls of teleportation
 g - 3 scrolls of torment
 h - 2 scrolls of summoning
 l - 4 scrolls of fear
 m - 2 scrolls of enchant armour
 o - 2 scrolls of noise
 p - 2 scrolls of poison
 s - a scroll of immolation
 x - 2 scrolls of blinking
 y - 2 scrolls of enchant weapon {unknown}
 A - 2 scrolls of vulnerability {unknown}
 F - 3 scrolls of fog
 I - 2 scrolls of identify
 J - a scroll of acquirement {unknown}
 M - a scroll of brand weapon {unknown}
 V - a scroll of revelation {unknown}
Potions
 b - 3 potions of lignification
 f - 2 potions of attraction {unknown}
 i - a potion of heal wounds
 k - 5 potions of curing {unknown}
 n - 6 potions of degeneration
 t - a potion of enlightenment {unknown}
 u - a potion of magic {unknown}
 w - a potion of berserk rage {unknown}
 C - a potion of resistance {unknown}
 E - 3 potions of mutation {unknown}
 G - a potion of might {unknown}
 H - 2 potions of ambrosia {unknown}
 K - 2 potions of brilliance {unknown}
 L - a potion of invisibility {unknown}
 N - a potion of cancellation {unknown}
 T - a potion of haste {unknown}


   Skills:
 + Level 7.1 Fighting
 + Level 7.3 Dodging
 * Level 12.4 Unarmed Combat
 + Level 8.4 Shapeshifting


You had 10 spell levels left.
You didn't know any spells.
Your spell library contained the following spells:

 Spells                   Type           Power      Damage    Failure   Level
 Freeze                   Ice            0%         1d3       45%         1
 Kiss of Death            Conj/Necr      0%         2d5       45%         1
 Sandblast                Erth           0%         2d4       45%         1
 Passwall                 Tmut/Erth      0%         N/A       58%         2
 Wereblood                Tmut           0%         N/A       58%         2
 Confusing Touch          Hex            0%         N/A       83%         3
 Dazzling Flash           Conj/Hex       0%         N/A       83%         3
 Frozen Ramparts          Ice            0%         1d1       83%         3
 Hailstorm                Conj/Ice       0%         3d3       83%         3
 Ozocubu's Armour         Ice            0%         N/A       83%         3
 Stone Arrow              Conj/Erth      0%         3d7       83%         3
 Summon Guardian Golem    Hex/Summ       0%         N/A       83%         3
 Volatile Blastmotes      Fire/Tloc      0%         2d10      83%         3
 Brom's Barrelling Bould  Conj/Erth      0%         2d3       99%         4
 Dispel Undead            Necr           0%         3d6       99%         4
 Irradiate                Conj/Tmut      0%         3d11      100%        5
 Metabolic Englaciation   Hex/Ice        0%         N/A       100%        5
 Simulacrum               Ice/Necr       0%         N/A       100%        6
 Starburst                Conj/Fire      0%         6d3       100%        6
 Orb of Destruction       Conj           0%         9d5       100%        7
 Spellforged Servitor     Conj/Summ      0%         N/A       100%        7
 Maxwell's Capacitive Co  Air            0%         ∞         100%        8


Dungeon Overview and Level Annotations

Branches:
Dungeon (11/15)            Temple (1/1) D:7            Lair (0/5) D:11
    Orc (1/2) D:9         Ossuary (visited)           IceCv (1/1)

Altars:
Ashenzari
Cheibriados
Dithmenos
Elyvilon
Fedhas
Gozag
Hepliaklqana
Kikubaaqudgha
Makhleb
Nemelex Xobeh
Okawaru
Qazlal
Ru
Sif Muna
Trog
Uskayaw
Vehumet
Wu Jian
Xom
Yredelemnul
Zin
The Shining One

Shops:
D:6 ![*   D:7 ?   Orc:1 [


Innate Abilities, Weirdness & Mutations

You are a hulking beast.
Your limbs bulge with bestial killing power. (Slay +4)
You are too large for most types of armour.
You have claws for hands.
Your natural rate of healing is unusually fast.
You are covered in fur. (AC +1)
You have tough skin. (AC +1)


Message History

The ice devil hits you. The ice devil freezes you!! The ice devil misses you.
You mangle the ice devil!!
You kill the ice devil!
Qazlal accepts your kill. The ice devil hits you! The ice devil freezes you!!
You feel your strength returning.
You are too injured to fight recklessly!
You are too injured to fight recklessly!
You are too injured to fight recklessly!
You closely miss the ice devil. The ice devil hits you!
The ice devil freezes you!!
* * * LOW HITPOINT WARNING * * *
You barely miss the ice devil.
The ice devil attacks as it pursues you!
You block the ice devil's attack.
The ice devil attacks as it pursues you!
The ice devil misses you.
You feel much better. The ice devil misses you.
You completely miss the ice devil. The ice devil closely misses you.
You closely miss the ice devil. You claw the ice devil!
The ice devil is lightly wounded.
The ice devil hits you. The ice devil freezes you!
* * * LOW HITPOINT WARNING * * *
You closely miss the ice devil.
The ice devil is lightly wounded.
The ice devil misses you.
You mangle the ice devil!!
The ice devil is severely wounded.
You barely miss the ice devil.
The ice devil is severely wounded.
The ice devil barely misses you.
You barely miss the ice devil.
The ice devil is severely wounded.
The ice devil barely misses you.
You scratch the ice devil.
The ice devil is severely wounded.
The ice devil hits you!
* * * LOW HITPOINT WARNING * * *
The ice devil freezes you!!
You die...

#............##
#.............####
##...............##
##........###....##
####...### ###...#
##### ##..# #.§.#
##.°## . ##.h## ..#
##○4###...#
#.......# ##....###
######


You could see an ice devil.

Vanquished Creatures
  A two-headed ogre (D:10)
  A boulder beetle (D:11)
  Pikel (D:4)
  A gargoyle (D:11)
  3 ice devils
  2 kobold demonologists (D:10)
  A freezing wraith (IceCv)
  4 dream sheep (D:9)
  A vampire (D:10)
  2 shadows (D:9)
  Eustachio (D:4)
  A wyvern (D:8)
  3 yaks (D:8)
  A wraith (D:9)
  2 steam dragons (D:8)
  4 vampire mosquitoes (D:11)
  3 death yak simulacra (IceCv)
  Edmund (D:5)
  3 acid dragons
  5 water moccasins
  3 orc warriors
  2 ice beasts
  A black bear (D:11)
  2 ogres (D:5)
  3 centaurs
  A phantom (D:3)
  4 kobold brigands
  Blork the orc (D:6)
  3 gnoll sergeants
  3 bullfrogs
  18 scorpions
  2 two-headed ogre simulacra (IceCv)
  A cane toad simulacrum (IceCv)
  7 wights
  3 elephant simulacra (IceCv)
  6 killer bees (D:11)
  5 howler monkeys
  A centaur zombie (Ossuary)
  2 hounds
  A jelly (D:4)
  2 gnoll boudas
  4 human zombies (Ossuary)
  4 orc priests
  3 iguanas (D:5)
  3 sleepcaps
  13 orc wizards
  6 scorpion zombies (Ossuary)
  2 wolf simulacra (IceCv)
  3 mummies (Ossuary)
  23 gnolls
  6 adders
  2 shadow imps
  2 white imps (IceCv)
  2 ufetubi
  4 worms
  3 dart slugs
  15 orcs
  2 endoplasms
  5 giant cockroaches
  6 goblins
  5 hobgoblins
  7 jackals
  4 quokkas
  6 ball pythons
  7 bats
  A frilled lizard (D:3)
  2 gnoll zombies (Ossuary)
  2 hobgoblin zombies (Ossuary)
  17 kobolds
  2 kobold zombies (Ossuary)
  An orc zombie (Ossuary)
  2 rats
276 creatures vanquished.

Notes
Turn   | Place    | Note
-------+----------+-------------------------------------------
     0 | D:1      | BinkBink the Troll Shapeshifter began the quest for the
                  | Orb.
     0 | D:1      | Reached XP level 1. HP: 18/18 MP: 0/0
   188 | D:1      | Reached skill level 1 in Fighting
   188 | D:1      | Reached XP level 2. HP: 24/27 MP: 1/1
   831 | D:2      | Reached XP level 3. HP: 33/33 MP: 2/2
  1312 | D:3      | Noticed a phantom
  1321 | D:3      | Killed a phantom
  1322 | D:3      | Reached skill level 4 in Unarmed Combat
  1322 | D:3      | Reached XP level 4. HP: 41/42 MP: 3/3
  1396 | D:3      | Reached XP level 5. HP: 49/49 MP: 4/4
  1646 | D:4      | Found a white marble altar of Elyvilon.
  2080 | D:4      | Noticed Eustachio
  2112 | D:4      | Killed Eustachio
  2113 | D:4      | Reached skill level 5 in Unarmed Combat
  2113 | D:4      | Reached XP level 6. HP: 40/59 MP: 5/5
  2163 | D:4      | Noticed Pikel
  2212 | D:4      | Killed Pikel
  2213 | D:4      | Reached skill level 6 in Unarmed Combat
  2213 | D:4      | Reached XP level 7. HP: 33/67 MP: 6/6
  2450 | D:5      | Entered Level 5 of the Dungeon
  2587 | D:5      | Reached XP level 8. HP: 75/75 MP: 7/7
  2608 | D:5      | Noticed Edmund
  2618 | D:5      | Killed Edmund
  2619 | D:5      | Reached skill level 5 in Shapeshifting
  2789 | D:5      | Reached skill level 7 in Unarmed Combat
  3151 | D:5      | Found a glowing silver altar of Zin.
  3242 | D:5      | Found an iron altar of Okawaru.
  3519 | D:6      | Found Saxkah's Antique Armour Emporium.
  3546 | D:6      | Found Usupnes's Distillery.
  3648 | D:6      | Found an opulent altar of Gozag.
  3672 | D:6      | Noticed Blork the orc
  3681 | D:6      | Killed Blork the orc
  3856 | D:6      | Found Cutreato's General Store.
  3861 | D:6      | Bought a scroll of identify for 28 gold pieces
  4091 | D:6      | Reached skill level 8 in Unarmed Combat
  4091 | D:6      | Reached XP level 9. HP: 48/84 MP: 8/8
  4264 | D:7      | Found a staircase to the Ecumenical Temple.
  4371 | Temple   | Entered the Ecumenical Temple
  4430 | Temple   | Became a worshipper of Qazlal Stormbringer
  4495 | D:7      | Found a bloodstained altar of Trog.
  4658 | D:7      | Found a sand-covered staircase.
  4668 | Ossuary  | Entered an ossuary
  4708 | Ossuary  | Reached skill level 5 in Dodging
  4805 | Ossuary  | Reached skill level 9 in Unarmed Combat
  4816 | Ossuary  | Reached * piety under Qazlal
  4826 | Ossuary  | Reached skill level 5 in Fighting
  5153 | D:7      | Found Dydahud's Magic Scroll Shoppe.
  5156 | D:7      | Bought a scroll of identify for 28 gold pieces
  5458 | D:8      | Reached XP level 10. HP: 61/96 MP: 9/9
  5680 | D:8      | Reached ** piety under Qazlal
  5753 | D:8      | Found a hide-covered altar of Uskayaw.
  5762 | D:8      | Reached skill level 10 in Unarmed Combat
  6247 | D:9      | Found a staircase to the Orcish Mines.
  6399 | D:9      | Found a shadowy altar of Dithmenos.
  6399 | D:9      | Found a sparkling altar of Nemelex Xobeh.
  6521 | D:9      | Reached *** piety under Qazlal
  6522 | D:9      | Reached skill level 11 in Unarmed Combat
  6530 | D:9      | Found the +5 robe of Night {Dark Will+ SInv}
  6838 | D:10     | Entered Level 10 of the Dungeon
  6882 | D:10     | Noticed a two-headed ogre
  6888 | D:10     | Killed a two-headed ogre
  6889 | D:10     | Reached XP level 11. HP: 61/106 MP: 10/10
  7150 | D:10     | Found a hazy altar of Hepliaklqana.
  7192 | D:10     | Noticed a sixfirhy
  7414 | D:11     | Found a staircase to the Lair.
  7656 | D:11     | HP: 4/107 [vampire mosquito (10)]
  7744 | D:11     | Reached **** piety under Qazlal
  8174 | D:11     | Noticed a boulder beetle
  8197 | D:11     | Killed a boulder beetle
  8198 | D:11     | Reached skill level 12 in Unarmed Combat
  8866 | Orc:1    | Entered Level 1 of the Orcish Mines
  8866 | Orc:1    | Found Weung's Armour Shop.
  8902 | Orc:1    | Found a frozen archway.
  8911 | IceCv    | Entered an ice cave
  9107 | IceCv    | Mangled by an ice devil

Illustrated notes

Levels and vault maps discovered:
D:1:      nagdon_arrival_double_spiral, layout_loops_cross
D:2:      layout_rooms
D:3:      layout_basic, minivault_27
D:4:      layout_basic, mainiacjoe_overflow_boulevard, uniq_pikel,
          uniq_eustachio
D:5:      layout_basic, okawaru_gym_becter, zin_scriptorium, st_stairs_1,
          minmay_misc_feat_tower, grunt_ministairs_12, uniq_edmund
D:6:      layout_basic, nicolae_gozag_cash_rules_everything_around_me,
          serial_shops, shop, shop, shop, minmay_pentangle, uniq_blork_the_orc
D:7:      layout_basic, bloody_trog, minmay_temple_entry_glassed_door,
          serial_shops, nicolae_shop_tiny_real_fake_doors, enter_ossuary_1
D:8:      layout_loops_cross, mainiacjoe_overflow_brackets
D:9:      layout_cave_pools, chequers_temple_overflow_statue_of_worship,
          hellmonk_guarded_unrand_night
D:10:     layout_rooms, mainiacjoe_overflow_surrounded_room
D:11:     layout_layer_cave, due_lair_maze_entry_diamond
Temple:   nicolae_temple_ecumenical_triangle
Orc:1:    layout_caves, portal_ice_cave_demonic_guard, gammafunk_ghost_arena,
          serial_shops, shop_fountains, nicolae_shop_waterfront
IceCv:    ice_cave_small_necro

Skill      XL: |  1  2  3  4  5  6  7  8  9 10 11 |
---------------+----------------------------------+-----
Fighting       | 1 2 3 4 5 6 7 |  7.1
Dodging        | 2 3 4 5 6 7 |  7.3
Unarmed Combat | 4 5 6 8 9 11 12 | 12.4
Shapeshifting  | 4 5 6 7 8 |  8.4

Action                     |  1- 3 |  4- 6 |  7- 9 | 10-12 || total
---------------------------+-------+-------+-------+-------++-------
  Melee: Unarmed           |   108 |    80 |   254 |   282 ||   724
         Punch             |       |     2 |    13 |    19 ||    34
    Use: Scroll            |       |       |    10 |       ||    10
         Potion            |       |       |       |     4 ||     4
 Armour: Animal skin       |    69 |    43 |   148 |   175 ||   435
  Dodge: Dodged            |    64 |    58 |   148 |   153 ||   423
  Block: Other             |       |       |     4 |    40 ||    44

Table legend: (Time is in decaauts)
 A = Elapsed time spent in this place.
 B = Non-inter-level travel time spent in this place.
 C = Inter-level travel time spent in this place.
 D = Time resting spent in this place.
 E = Time spent auto-exploring this place.
 F = Levels seen in this place.
 G = Mean time per level.
                   A        B        C        D        E       F      G
               +--------+--------+--------+--------+--------+-----+--------+
         Total |   9014 |   8643 |    371 |     34 |   6994 |  15 |  600.9 |
       Dungeon |   8338 |   7976 |    362 |     15 |   6618 |  11 |  758.0 |
        Temple |     72 |     63 |      9 |      0 |     49 |   1 |   72.0 |
  Orcish Mines |     43 |     43 |      0 |     19 |      0 |   1 |   43.0 |
       Ossuary |    368 |    368 |      0 |      0 |    204 |   1 |  368.0 |
      Ice Cave |    191 |    191 |      0 |      0 |    123 |   1 |  191.0 |
               +--------+--------+--------+--------+--------+-----+--------+

Top non-repeatable levels by time:
    D:11: 1394 daAuts
     D:5: 974 daAuts
     D:8: 856 daAuts
     D:1: 810 daAuts
     D:6: 797 daAuts
     D:4: 797 daAuts
     D:7: 679 daAuts
     D:9: 627 daAuts
    D:10: 573 daAuts
     D:3: 428 daAuts
     D:2: 398 daAuts
 Ossuary: 368 daAuts
   IceCv: 191 daAuts
  Temple: 72 daAuts
   Orc:1: 43 daAuts
